 Dungeon Crawl Stone Soup version 0.17.0-28-g6e173f8 (webtiles) character file.

186 M4edhros the Sneak (level 5, -2/35 HPs)
             Began as an Octopode Wanderer on Nov 26, 2015.
             Was a Follower of Okawaru.
             Killed by nerve-wracking pain
             ... invoked by an orc priest
              (10 damage)
             ... on level 4 of the Dungeon.
             The game lasted 00:04:10 (3232 turns).

M4edhros the Sneak (Octopode Wanderer)              Turns: 3232, Time: 00:04:11

Health: -2/35      AC:  3    Str:  9      XL:     5   Next: 65%
Magic:  5/5        EV: 10    Int: 14 (16) God:    Okawaru [*.....]
Gold:   193        SH:  3    Dex: 13      Spells: 0 memorised, 4 levels left

rFire  . . .     SeeInvis .     i - -3 dagger (curse)
rCold  . . .     Clarity  .     e - +0 buckler
rNeg   . . .     SustAt   .     (helmet restricted)
rPois  .         Gourm    .     (no amulet)
rElec  .         Spirit   .     (no ring)
rCorr  .         Warding  .     (no ring)
rMut   .         Stasis   .     (no ring)
MR     .....                    (no ring)
Stlth  +++++.....               (no ring)
                                (no ring)
                                (no ring)
                                (no ring)

@: slowed, very slow, not resistant to hostile enchantments, quite stealthy
A: almost no armour, amphibious, 8 rings, constrict 8, molten scales 1, rugged
brown scales 1, camouflage 1, spit poison 1, gelatinous body 1
a: Spit Poison, Heroism, Renounce Religion


You were on level 4 of the Dungeon.
You worshipped Okawaru.
Okawaru was aware of your devotion.
You were not hungry.

You visited 1 branch of the dungeon, and saw 4 of its levels.

You collected 193 gold pieces.

Inventory:

Hand Weapons
 a - a +2 mace
 i - a cursed -3 dagger (weapon)
 o - a +2 hunting sling of flaming
Missiles
 h - 153 stones (quivered)
Armour
 e - a +0 buckler (worn)
Wands
 k - a wand of digging (7)
 l - a wand of teleportation (0)
Scrolls
 d - a scroll of magic mapping
 m - a scroll of noise
Potions
 b - 2 potions of lignification
 f - a potion of curing
 g - 2 potions of flight
Comestibles
 c - a bread ration
 j - 3 fruits


   Skills:
 - Level 2.0 Fighting
 - Level 3.0 Maces & Flails
 - Level 1.0 Throwing
 + Level 7.5 Stealth
   Level 3.0 Hexes
 - Level 1.1 Evocations


You had 4 spell levels left.
You didn't know any spells.

Dungeon Overview and Level Annotations

Branches:
Dungeon (4/15)
 Temple: D:4-7

Altars:
Gozag
Okawaru
Yredelemnul

Annotations:
D:4 Edmund


Innate Abilities, Weirdness & Mutations

You cannot wear most types of armour.
You are amphibious.
You can wear up to eight rings at the same time.
You can use your tentacles to constrict eight enemies at once.
Your skin changes colour to match your surroundings (Stealth).
Your rubbery body absorbs attacks (AC +1).
You are partially covered in molten scales (AC +1).
You are partially covered in rugged brown scales (AC +1, +3% HP).
You can spit weak poison.


Message History

A hound skeleton comes into view.
Edmund zaps a wand.
You resist with some effort.
The phantom blinks!
Edmund zaps a wand.
You resist with some effort.
There is an opulent altar of Gozag here.
Your surroundings suddenly seem different.
You hit the orc priest but do no damage.
Your grab misses the orc priest.
The orc priest is severely wounded.
You block the orc priest's attack.
You hit the orc priest but do no damage.
Your grab misses the orc priest.
The orc priest is severely wounded.
The orc priest hits you but does no damage.
You hit the orc priest but do no damage.
You grab the orc priest.
The orc priest is severely wounded.
You constrict the orc priest.
The orc priest calls down the wrath of Beogh upon you.
Pain shoots through your body!
You die...

...###..#.. .......... .#.#.
.......... .....##
.........######. #.....
.............. .#.....
............ ....... #..o.....o
....... #.@o.o..# ##..... #.
##....#.##o........ #.
#...o.#.ooo......#. # ###.
#......#o#.##.. ... ###
.#####...##..........## ...#.
..###............#.Z.#.#....#.##.
...<...........#.#.......##.#. #.
.....)...###...###......... . ..
.........# #.....#####...... ##


You could see an orc priest, 4 orcs and a ball python skeleton.

Vanquished Creatures
  A crimson imp (D:3)
  Ijyb (D:3)
  Jessica (D:3)
  A worker ant (D:4)
  An adder (D:3)
  An ooze (D:1)
  3 worms
  A giant gecko (D:3)
  4 orcs (D:3)
  2 ball pythons (D:4)
  7 bats
  3 giant cockroaches
  6 hobgoblins
  4 kobolds
  7 giant newts
  7 goblins
  7 rats
57 creatures vanquished.

Notes
Turn   | Place    | Note
--------------------------------------------------------------
     0 | D:1      | M4edhros the Octopode Wanderer began the quest for the Orb.
     0 | D:1      | M4edhros set off with: a +2 mace, 2 potions of lignification, a bread ration
     0 | D:1      | Reached XP level 1. HP: 14/14 MP: 1/1
    37 | D:1      | Reached skill level 1 in Stealth
   136 | D:1      | Reached XP level 2. HP: 19/19 MP: 2/2
   272 | D:2      | Found a faded altar to an unknown god.
   356 | D:2      | Became a worshipper of Warmaster Okawaru
   356 | D:2      | Reached * piety under Okawaru
   523 | D:1      | Reached XP level 3. HP: 24/24 MP: 3/3
   909 | D:2      | Reached skill level 4 in Stealth
  1872 | D:3      | Noticed Ijyb
  1889 | D:3      | Killed Ijyb
  1889 | D:3      | Reached skill level 5 in Stealth
  1889 | D:3      | Reached XP level 4. HP: 12/29 MP: 4/4
  2161 | D:3      | Reached skill level 6 in Stealth
  2386 | D:3      | Noticed Jessica
  2395 | D:3      | Killed Jessica
  2395 | D:3      | Reached XP level 5. HP: 24/34 MP: 5/5
  2481 | D:3      | Gained mutation: You can spit weak poison. [potion of mutation]
  2481 | D:3      | Gained mutation: You are partially covered in rugged brown scales (AC +1, +3% HP). [potion of mutation]
  2481 | D:3      | Gained mutation: You are partially covered in molten scales (AC +1). [potion of mutation]
  2707 | D:3      | Reached skill level 7 in Stealth
  2825 | D:4      | Found a basalt altar of Yredelemnul.
  2846 | D:4      | Noticed an ice beast
  3019 | D:4      | Noticed Edmund
  3224 | D:4      | Found an opulent altar of Gozag.
  3225 | D:4      | Noticed a phantom
  3232 | D:4      | Killed from afar by an orc priest

Action                   |  1- 3 |  4- 6 || total
-------------------------+-------+-------++-------
Melee: Mace              |    56 |       ||    56
       Dagger            |    17 |    98 ||   115
Evoke: Wand              |       |     3 ||     3
  Use: Potion            |     5 |     4 ||     9
       Scroll            |     4 |     2 ||     6
 Stab: Sleeping          |    13 |     4 ||    17
  Eat: Bread ration      |     1 |       ||     1
       Chunk             |       |     3 ||     3
